PBL
KELOWNA HEAT @ OAKLAND OAKS
08/17/2044
 
TOP OF THE 1ST
Kelowna Heat batting - Pitching for Oakland Oaks : RHP Emilio Gonzalez
Pitching: RHP Emilio Gonzalez
Batting: RHB Sadataka Kuwahara 0-0: SINGLE (Groundball, 34D, EV 106.9 MPH)
Batting: RHB Miguel Gonzalez 0-0: Called Strike
0-1: Ball
1-1: Ball
2-1: Foul Ball, location: 2F
2-2: Foul Ball, location: 2F
2-2: Foul Ball, location: 2F
2-2: Ball
3-2: Base on Balls
Sadataka Kuwahara to second
Batting: RHB Edwin Verdugo 0-0: Ball
Sadataka Kuwahara steals 3rd base
Miguel Gonzalez to second
1-0: Called Strike
1-1: Swinging Strike
1-2: Strikes out swinging
Batting: LHB Chris West 0-0: Ball
1-0: Ball
2-0: Ball
3-0: Called Strike
3-1: Called Strike
3-2: Strikes out looking
Batting: RHB Billy Pranger 0-0: Called Strike
0-1: SINGLE (Flyball, 34D, EV 88.1 MPH)
Sadataka Kuwahara scores
Miguel Gonzalez to third
Runner from 3rd tries for Home, SAFE, throw by RF to home
Batting: LHB Takaaki Nishimoto 0-0: Swinging Strike
0-1: Swinging Strike
0-2: Fly out, F9 (Flyball, 8RS, EV 92.5 MPH)
Top of the 1st over - 2 runs, 2 hits, 0 errors, 1 left on base; Kelowna 2 - Oakland 0
BOTTOM OF THE 1ST
Oakland Oaks batting - Pitching for Kelowna Heat : RHP Tong Huang
Pitching: RHP Tong Huang
Batting: RHB Scott Lister 0-0: Called Strike
0-1: Ball
1-1: DOUBLE (Line Drive, 8LD, EV 90.0 MPH)
Batting: RHB Brian Callaghan 0-0: Called Strike
0-1: Ball
1-1: Ball
2-1: SINGLE (Line Drive, 7LS, EV 106.3 MPH)
Scott Lister to third
Runner from 3rd tries for Home, SAFE, throw by LF to home
Batting: LHB Alejandro Muniz 0-0: Ball
1-0: Ball
2-0: Ball
3-0: Foul Ball, location: 2F
3-1: Foul Ball, location: 2F
3-2: Base on Balls
Brian Callaghan to second
Batting: LHB Felipe Gomez 0-0: Called Strike
0-1: Ball
1-1: Swinging Strike
1-2: Strikes out swinging
Batting: LHB Marcus Pollard 0-0: Ball
1-0: Ball
2-0: Ball
3-0: Called Strike
3-1: Fly out, F7 (Flyball, 7D, EV 108.1 MPH)
Runner from 2nd tags up, SAFE at 3rd, no throw by LF
Batting: SHB Steve Salafia 0-0: Ball
1-0: Ball
2-0: Swinging Strike
2-1: Ball
3-1: Base on Balls
Alejandro Muniz to second
Batting: RHB Jake Leffel 0-0: Ball
1-0: SINGLE (Line Drive, 8LM, EV 96.9 MPH)
Brian Callaghan scores
Alejandro Muniz to third
Steve Salafia to second
Throwing error, E8
Alejandro Muniz scores
Steve Salafia to third
Jake Leffel to second
Batting: RHB Darius Mitchell 0-0: Called Strike
0-1: Ball
1-1: Ball
2-1: Ball
3-1: Base on Balls
Batting: RHB David Sharp 0-0: Called Strike
0-1: Ball
1-1: DOUBLE (Groundball, 5L, EV 95.6 MPH)
Steve Salafia scores
Jake Leffel scores
Darius Mitchell to third
Runner from 3rd tries for Home, SAFE, throw by LF to home
Batting: RHB Scott Lister 0-0: Foul Ball, location: 2F
0-1: Foul Ball, location: 2F
0-2: Ball
1-2: Ball
2-2: Ball
3-2: 2-RUN HOME RUN (Flyball, 78XD, EV 109.4 MPH), Distance : 435 ft
Pitching: RHP Jonathan Simi
Batting: RHB Brian Callaghan 0-0: Called Strike
0-1: Foul Ball, location: 2F
0-2: Ball
1-2: SINGLE (Line Drive, 78S, EV 97.5 MPH)
Batting: LHB Alejandro Muniz 0-0: Called Strike
0-1: Ball
1-1: Called Strike
Brian Callaghan steals 2nd base
1-2: Ball
2-2: Hit by Pitch
Batting: LHB Felipe Gomez 0-0: Called Strike
Brian Callaghan steals 3rd base
0-1: Foul Ball, location: 2F
0-2: Ball
1-2: DOUBLE (Line Drive, 9D, EV 104.4 MPH)
Brian Callaghan scores
Alejandro Muniz to third
Runner from 3rd tries for Home, SAFE, throw by RF to trailing runner, SAFE at third!
Batting: LHB Marcus Pollard 0-0: Ball
1-0: Ball
2-0: Called Strike
2-1: Ball
3-1: Foul Ball, location: 2F
3-2: Foul Ball, location: 2F
3-2: Strikes out swinging
Bottom of the 1st over - 10 runs, 7 hits, 1 error, 1 left on base; Kelowna 2 - Oakland 10
TOP OF THE 2ND
Kelowna Heat batting - Pitching for Oakland Oaks : RHP Emilio Gonzalez
Batting: RHB Josh Truell 0-0: Ball
1-0: Ball
2-0: Foul Ball, location: 2F
2-1: Ball
3-1: Foul Ball, location: 2F
3-2: Strikes out swinging
Batting: RHB Dave Putnam 0-0: Ball
1-0: Foul Ball, location: 2F
1-1: Swinging Strike
1-2: Ball
2-2: Ball
3-2: Foul Ball, location: 2F
3-2: Foul Ball, location: 2F
3-2: Strikes out swinging
Batting: RHB Bob Schweiger 0-0: Foul Ball, location: 2F
0-1: Ball
1-1: Swinging Strike
1-2: Foul Ball, location: 2F
1-2: Foul Ball, location: 2F
1-2: Strikes out looking
Top of the 2nd over - 0 runs, 0 hits, 0 errors, 0 left on base; Kelowna 2 - Oakland 10
BOTTOM OF THE 2ND
Oakland Oaks batting - Pitching for Kelowna Heat : RHP Jonathan Simi
Batting: SHB Steve Salafia 0-0: Ball
1-0: Ball
2-0: Called Strike
2-1: Ball
3-1: Base on Balls
Batting: RHB Jake Leffel 0-0: Swinging Strike
0-1: Ball
1-1: SINGLE (Flyball, 7LS, EV 87.5 MPH)
Steve Salafia to second
Batting: RHB Darius Mitchell 0-0: Foul Ball, location: 2F
0-1: Foul Ball, location: 2F
0-2: Strikes out swinging
Batting: RHB David Sharp 0-0: Called Strike
0-1: Foul Ball, location: 2F
0-2: Ball
1-2: Strikes out swinging
Batting: RHB Scott Lister 0-0: Ball
1-0: Ball
2-0: Ball
3-0: Base on Balls
Steve Salafia to third
Jake Leffel to second
Batting: RHB Brian Callaghan 0-0: Called Strike
0-1: Ball
1-1: Foul Ball, location: 2F
1-2: Ball
2-2: SINGLE (Groundball, 15S, EV 68.8 MPH) (infield hit)
Steve Salafia scores
Jake Leffel to third
Scott Lister to second
Batting: LHB Alejandro Muniz 0-0: Fly out, F4 (Popup, 4S, EV 66.3 MPH)
Bottom of the 2nd over - 1 run, 2 hits, 0 errors, 3 left on base; Kelowna 2 - Oakland 11
TOP OF THE 3RD
Kelowna Heat batting - Pitching for Oakland Oaks : RHP Emilio Gonzalez
Batting: RHB Sadataka Kuwahara 0-0: Foul Ball, location: 2F
0-1: Foul Ball, location: 2F
0-2: Ball
1-2: Foul Ball, location: 2F
1-2: SINGLE (Line Drive, 9LS, EV 91.3 MPH)
Batting: RHB Miguel Gonzalez 0-0: Ball
1-0: Called Strike
Sadataka Kuwahara steals 2nd base (no throw)
1-1: Foul Ball, location: 2F
1-2: Ball
2-2: Strikes out swinging
Batting: RHB Edwin Verdugo 0-0: Fly out, F7 (Flyball, 7D, EV 97.5 MPH)
Runner from 2nd tags up, SAFE at 3rd, no throw by LF
Batting: LHB Chris West 0-0: DOUBLE (Line Drive, 89D, EV 108.1 MPH)
Sadataka Kuwahara scores
Batting: RHB Billy Pranger 0-0: Called Strike
0-1: Foul Ball, location: 2F
0-2: Hit by Pitch
Batting: LHB Takaaki Nishimoto 0-0: Swinging Strike
0-1: Ball
1-1: Swinging Strike
1-2: Strikes out swinging
Top of the 3rd over - 1 run, 2 hits, 0 errors, 2 left on base; Kelowna 3 - Oakland 11
BOTTOM OF THE 3RD
Oakland Oaks batting - Pitching for Kelowna Heat : RHP Jonathan Simi
Batting: LHB Felipe Gomez 0-0: Ball
1-0: Called Strike
1-1: Ground out 4-3 (Groundball, 34D, EV 96.9 MPH)
Batting: LHB Marcus Pollard 0-0: Called Strike
0-1: Ball
1-1: Ball
2-1: Foul Ball, location: 2F
2-2: Ball
3-2: Strikes out swinging
Batting: SHB Steve Salafia 0-0: Ground out 1-3 (Groundball, P, EV 68.1 MPH)
Bottom of the 3rd over - 0 runs, 0 hits, 0 errors, 0 left on base; Kelowna 3 - Oakland 11
TOP OF THE 4TH
Kelowna Heat batting - Pitching for Oakland Oaks : RHP Emilio Gonzalez
Batting: RHB Josh Truell 0-0: Ball
1-0: Ball
2-0: Ball
3-0: Called Strike
3-1: Foul Ball, location: 2F
3-2: Strikes out looking
Batting: RHB Dave Putnam 0-0: Foul Ball, location: 2F
0-1: Fly out, F7 (Flyball, 7D, EV 95.6 MPH)
Batting: RHB Bob Schweiger 0-0: SINGLE (Groundball, 6M, EV 101.3 MPH)
Batting: RHB Sadataka Kuwahara 0-0: Ground out 6-3 (Groundball, 6MD, EV 104.4 MPH)
Top of the 4th over - 0 runs, 1 hit, 0 errors, 1 left on base; Kelowna 3 - Oakland 11
BOTTOM OF THE 4TH
Oakland Oaks batting - Pitching for Kelowna Heat : RHP Jonathan Simi
Batting: RHB Jake Leffel 0-0: Ball
1-0: Foul Ball, location: 2F
1-1: Ball
2-1: Called Strike
2-2: Strikes out swinging
Batting: RHB Darius Mitchell 0-0: Ball
1-0: Called Strike
1-1: Swinging Strike
1-2: SINGLE (Groundball, 4MD, EV 106.3 MPH)
Pitching: RHP Dylan Mosley
Batting: RHB David Sharp 0-0: Ball
1-0: Fly out, F8 (Flyball, 78D, EV 83.1 MPH)
Batting: RHB Scott Lister 0-0: Foul Ball, location: 2F
0-1: Ball
1-1: SINGLE (Flyball, 9S, EV 90.6 MPH)
Darius Mitchell to second
Batting: RHB Brian Callaghan 0-0: Ball
1-0: Called Strike
1-1: Called Strike
1-2: Ball
2-2: Strikes out swinging
Bottom of the 4th over - 0 runs, 2 hits, 0 errors, 2 left on base; Kelowna 3 - Oakland 11
TOP OF THE 5TH
Kelowna Heat batting - Pitching for Oakland Oaks : RHP Emilio Gonzalez
Batting: RHB Miguel Gonzalez 0-0: Called Strike
0-1: Ball
1-1: Foul Ball, location: 2F
1-2: Ball
2-2: Ball
3-2: Fly out, F9 (Flyball, 9S, EV 82.5 MPH)
Pitching: LHP Hector Perdomo
Batting: RHB Edwin Verdugo 0-0: Ground out 5-3 (Groundball, 56S, EV 90.0 MPH)
Batting: LHB Chris West 0-0: Called Strike
0-1: Foul Ball, location: 2F
0-2: Ball
1-2: Ball
2-2: Strikes out swinging, 2-3 out at first.
Top of the 5th over - 0 runs, 0 hits, 0 errors, 0 left on base; Kelowna 3 - Oakland 11
BOTTOM OF THE 5TH
Oakland Oaks batting - Pitching for Kelowna Heat : RHP Dylan Mosley
Batting: LHB Alejandro Muniz 0-0: Ball
1-0: Fly out, F4 (Popup, 4S, EV 84.4 MPH)
Batting: LHB Felipe Gomez 0-0: Ball
1-0: Foul Ball, location: 2F
1-1: Foul Ball, location: 2F
1-2: Ball
2-2: Fly out, F7 (Flyball, 7, EV 86.9 MPH)
Batting: LHB Marcus Pollard 0-0: Called Strike
0-1: Called Strike
0-2: Ball
1-2: Ball
2-2: Fly out, F7 (Flyball, 78D, EV 110.0 MPH)
Bottom of the 5th over - 0 runs, 0 hits, 0 errors, 0 left on base; Kelowna 3 - Oakland 11
TOP OF THE 6TH
Kelowna Heat batting - Pitching for Oakland Oaks : LHP Hector Perdomo
Batting: RHB Billy Pranger 0-0: Called Strike
0-1: Swinging Strike
0-2: Ball
1-2: Ball
2-2: Ball
3-2: Fly out, F7 (Line Drive, 7, EV 90.6 MPH)
Batting: LHB Takaaki Nishimoto 0-0: Ball
1-0: Ball
2-0: Called Strike
2-1: Fly out, F6 (Popup, 56, EV 80.0 MPH)
Batting: RHB Josh Truell 0-0: Ball
1-0: Reached on error, E5 (Groundball, 56S, EV 76.3 MPH)
Batting: RHB Dave Putnam 0-0: Swinging Strike
0-1: Ball
1-1: Foul Ball, location: 2F
1-2: SINGLE (Line Drive, 4MD, EV 94.4 MPH)
Josh Truell to second
Batting: RHB Bob Schweiger 0-0: Ball
1-0: Ball
2-0: Called Strike
2-1: Called Strike
2-2: Foul Ball, location: 2F
2-2: Strikes out swinging
Top of the 6th over - 0 runs, 1 hit, 1 error, 2 left on base; Kelowna 3 - Oakland 11
BOTTOM OF THE 6TH
Oakland Oaks batting - Pitching for Kelowna Heat : RHP Dylan Mosley
Batting: SHB Steve Salafia 0-0: Ball
1-0: Called Strike
1-1: Ball
2-1: Reached on error, E5 (Groundball, 56, EV 105.6 MPH)
Batting: RHB Jake Leffel 0-0: Called Strike
0-1: Foul Ball, location: 2F
0-2: Fly out, F4 (Popup, 23, EV 88.8 MPH)
Batting: RHB Darius Mitchell 0-0: Ball
1-0: Foul Ball, location: 2F
1-1: Called Strike
1-2: Strikes out swinging
Batting: RHB David Sharp 0-0: Called Strike
0-1: Foul Ball, location: 2F
0-2: Strikes out looking
Bottom of the 6th over - 0 runs, 0 hits, 1 error, 1 left on base; Kelowna 3 - Oakland 11
TOP OF THE 7TH
Kelowna Heat batting - Pitching for Oakland Oaks : LHP Hector Perdomo
Batting: RHB Sadataka Kuwahara 0-0: Ground out 4-3 (Groundball, 4, EV 104.4 MPH)
Batting: RHB Miguel Gonzalez 0-0: Ball
1-0: Called Strike
1-1: Foul Ball, location: 2F
1-2: Fly out, F4 (Popup, 4, EV 68.1 MPH)
Batting: RHB Edwin Verdugo 0-0: Foul Ball, location: 2F
0-1: Called Strike
0-2: Ball
1-2: Foul Ball, location: 2F
1-2: Ball
2-2: Foul Ball, location: 2F
2-2: Foul Ball, location: 2F
2-2: Ground out 6-3 (Groundball, 6, EV 88.8 MPH)
Top of the 7th over - 0 runs, 0 hits, 0 errors, 0 left on base; Kelowna 3 - Oakland 11
BOTTOM OF THE 7TH
Oakland Oaks batting - Pitching for Kelowna Heat : RHP Dylan Mosley
Batting: RHB Scott Lister 0-0: Called Strike
0-1: Ball
1-1: Called Strike
1-2: Ball
2-2: Ball
3-2: Base on Balls
Pitching: LHP Jimmy Heinecke
Batting: RHB Brian Callaghan 0-0: Ball
1-0: Ball
2-0: Called Strike
2-1: Ball
Wild Pitch!
Scott Lister to second
3-1: Base on Balls
Pinch Hitting: LHB Brian Puccio 0-0: Called Strike
0-1: Ball
1-1: Fly out, F8 (Flyball, 89M, EV 84.4 MPH)
Batting: LHB Felipe Gomez 0-0: Called Strike
0-1: Swinging Strike
0-2: Strikes out swinging
Batting: LHB Marcus Pollard 0-0: Ground out U3 (Groundball, 3, EV 79.4 MPH)
Bottom of the 7th over - 0 runs, 0 hits, 0 errors, 2 left on base; Kelowna 3 - Oakland 11
TOP OF THE 8TH
Kelowna Heat batting - Pitching for Oakland Oaks : LHP Hector Perdomo
Now at 1B: Igor Ciobanu
Batting: LHB Chris West 0-0: Ball
1-0: Ball
2-0: Called Strike
2-1: SINGLE (Line Drive, 8RS, EV 103.8 MPH)
Pitching: RHP Igoryok Wolgaevsky
Batting: RHB Billy Pranger 0-0: Foul Ball, location: 2F
0-1: Swinging Strike
0-2: Strikes out swinging
Batting: LHB Takaaki Nishimoto 0-0: Ball
1-0: Ball
2-0: Swinging Strike
2-1: Foul Ball, location: 2F
2-2: Foul Ball, location: 2F
2-2: Strikes out swinging
Batting: RHB Josh Truell 0-0: Ball
1-0: Ball
2-0: Called Strike
2-1: Foul Ball, location: 2F
2-2: Foul Ball, location: 2F
2-2: Strikes out swinging wild pitch, reaches first!
Chris West to second
Batting: RHB Dave Putnam 0-0: SINGLE (Line Drive, 7LS, EV 91.3 MPH)
Chris West to third
Josh Truell to second
Batting: RHB Bob Schweiger 0-0: Fly out, F2 (Popup, 3SF, EV 76.9 MPH)
Top of the 8th over - 0 runs, 2 hits, 0 errors, 3 left on base; Kelowna 3 - Oakland 11
BOTTOM OF THE 8TH
Oakland Oaks batting - Pitching for Kelowna Heat : LHP Jimmy Heinecke
Batting: SHB Steve Salafia 0-0: Ball
1-0: Called Strike
1-1: Ball
2-1: Ball
3-1: Base on Balls
Batting: RHB Jake Leffel 0-0: Called Strike
0-1: Called Strike
0-2: Ball
1-2: Ball
2-2: Grounds into double play, U3-6 (Groundball, 3L, EV 88.1 MPH)
Batting: RHB Darius Mitchell 0-0: DOUBLE (Groundball, 5L, EV 107.5 MPH)
Batting: RHB David Sharp 0-0: SINGLE (Flyball, 3D, EV 89.4 MPH)
Darius Mitchell to third
Runner from 3rd tries for Home, SAFE, throw by RF to home
Batting: RHB Scott Lister 0-0: Called Strike
0-1: Foul Ball, location: 2F
0-2: Strikes out swinging
Bottom of the 8th over - 1 run, 2 hits, 0 errors, 1 left on base; Kelowna 3 - Oakland 12
TOP OF THE 9TH
Kelowna Heat batting - Pitching for Oakland Oaks : RHP Igoryok Wolgaevsky
Batting: RHB Sadataka Kuwahara 0-0: Ball
1-0: DOUBLE (Flyball, 8LXD, EV 108.8 MPH)
Batting: RHB Miguel Gonzalez 0-0: Called Strike
0-1: Called Strike
0-2: Ball
1-2: Ball
2-2: Ball
3-2: Fly out, F9 (Flyball, 89D, EV 91.9 MPH)
Runner from 2nd tags up, SAFE at 3rd, no throw by RF
Batting: RHB Edwin Verdugo 0-0: Ball
1-0: Ball
2-0: Called Strike
2-1: Ball
3-1: Foul Ball, location: 2F
3-2: Ground out 6-3 (Groundball, 4M, EV 90.0 MPH)
Sadataka Kuwahara scores
Batting: LHB Chris West 0-0: Ground out 4-3 (Groundball, 4, EV 81.3 MPH)
Top of the 9th over - 1 run, 1 hit, 0 errors, 0 left on base; Kelowna 4 - Oakland 12
Thursday, March 31st , 2022 - OOTP Baseball 22.12 Build 89